[Event "Early-Titled-Tuesday-Blitz-March-05-2024"]
[Site "Chess.com"]
[Date "2024.03.05"]
[Round "4"]
[White "kleinebeer98"]
[Black "rhungaski"]
[Result "1-0"]
[WhiteElo "2893"]
[BlackElo "2592"]
[TimeControl "180+1"]
[EndTime "8:38:58 PST"]
[Termination "kleinebeer98 won by resignation"]

1. e4 c5 2. Nf3 Nc6 3. d4 cxd4 4. Nxd4 e5 5. Nxc6 bxc6 6. Bd3 Nf6 7. O-O Bc5 8. Kh1 d6 9. h3 h6 10. Nd2 a5 11. b3 a4 12. Bb2 g5 13. Nc4 g4 14.
h4 Nxe4 15. g3 Nxf2+ 16. Rxf2 Bxf2 17. Be4 O-O 18. Qxd6 Bxg3 19. Qxh6 Qxh4+ 20. Qxh4 Bxh4 21. Nxe5 a3 22. Bc3 Be6 23. Rg1 Bf2 24. Nxg4 f5 25. Nxf2+ Kf7 26. Rg7+ Ke8 27. Bxc6+ 1-0

[Event "Early-Titled-Tuesday-Blitz-March-05-2024"]
[Site "Chess.com"]
[Date "2024.03.05"]
[Round "4"]
[White "Misterfox120"]
[Black "javirec"]
[Result "1-0"]
[WhiteElo "2475"]
[BlackElo "2262"]
[TimeControl "180+1"]
[EndTime "8:39:07 PST"]
[Termination "Misterfox120 won by resignation"]

1. d4 Nf6 2. Bf4 d5 3. e3 c5 4. Nf3 Nc6 5. Nbd2 Bf5 6. dxc5 e6 7. Nd4 Bg6 8. Bb5 Rc8 9. b4 Be7 10. Nxc6 bxc6 11. Ba6 O-O 12. O-O Nd7 13. Bxc8 Qxc8 14. Nf3 Bf6 15. Rb1 e5 16. Bg5 Re8 17. Bxf6 Nxf6 18.
a3 Ne4 19. Rb3 Qa6 20. Nd2 Ng5 21. f4 exf4 22. exf4 Ne4 23. f5 Nxd2 24. Qxd2 Bh5 25. Re3 Qc8 26. Rxe8+ Qxe8 27. f6 Bg6 28. Re1 1-0

[Event "Early-Titled-Tuesday-Blitz-March-05-2024"]
[Site "Chess.com"]
[Date "2024.03.05"]
[Round "4"]
[White "Felix-Rose"]
[Black "amelia91"]
[Result "1-0"]
[WhiteElo "2299"]
[BlackElo "2008"]
[TimeControl "180+1"]
[EndTime "8:39:10 PST"]
[Termination "Felix-Rose won by resignation"]

1. e4 c5 2. Nf3 d6 3. d4 cxd4 4.
Nxd4 Nf6 5. Nc3 Nc6 6. Bg5 e6 7. Qd2 Bd7 8. O-O-O a6 9. Kb1 Qc7 10. Bxf6 gxf6 11. Be2 b5 12. Bh5 Ne5 13. f4 Nc4 14. Qd3 Rc8 15. f5 Ke7 16. Rhf1 b4 17. fxe6 fxe6 18.
Qf3 Bg7 19. Nf5+ 1-0

[Event "Early-Titled-Tuesday-Blitz-March-05-2024"]
[Site "Chess.com"]
[Date "2024.03.05"]
[Round "4"]
[White "Kapitan_Bayan"]
[Black "Fernando_Offermann"]
[Result "1-0"]
[WhiteElo "2301"]
[BlackElo "2436"]
[TimeControl "180+1"]
[EndTime "8:39:14 PST"]
[Termination "Kapitan_Bayan won by resignation"]

1. e4 c5 2. Nf3 d6 3. d4 cxd4 4. Nxd4 Nf6 5. f3 Nc6 6. c4 Nxd4 7. Qxd4 g6 8. Be3 Bg7 9. Nc3 O-O 10. Be2 Qa5 11.
Qd2 Be6 12. O-O Rfc8 13. b3 Ng4 14. Bd4 Bxd4+ 15. Qxd4 Ne5 16. Rac1 a6 17. Rfd1 Nc6 18. Qe3 Qc5 19. Kf2 Qxe3+ 20. Kxe3 f5 21. Nd5 Bxd5 22. cxd5 Ne5 23. f4 Nd7 24. Bf3 Nb6 25. a4 Rxc1 26. Rxc1 Rc8 27. Rxc8+ Nxc8 28. e5 Kf7 29. h3 h6 30. g4 fxg4 31. Bxg4 Na7 32. Be6+ Kg7 33. h4 b6 34. b4 a5 35. b5 g5 36. fxg5 hxg5 37.
exd6 exd6 38. hxg5 Kg6 39. Kf4 Nxb5 40. axb5 a4 41.
Bf5+ Kg7 42. Bb1 1-0

[Event "Early-Titled-Tuesday-Blitz-March-05-2024"]
[Site "Chess.com"]
[Date "2024.03.05"]
[Round "4"]
[White "Josgar05"]
[Black "arenal72"]
[Result "0-1"]
[WhiteElo "2383"]
[BlackElo "2629"]
[TimeControl "180+1"]
[EndTime "8:39:17 PST"]
[Termination "arenal72 won by resignation"]

1. Nf3 d6 2. b3 e5 3. Bb2 c5 4. d3 Nc6 5. g3 f5 6. Bg2 Nf6 7.
O-O Be7 8. Nbd2 O-O 9. e4 f4 10. c3 Qe8 11. d4 cxd4 12. cxd4 Bg4 13. dxe5 dxe5 14. Qe1 Bb4 15. a3 Bxd2 16. Qxd2 Qh5 17. Qc3 Rae8 18. b4 Kh8 19. b5 Nxe4 20. Qc4 Bxf3 21.
bxc6 Bxg2 22. Rfe1 Nd2 23. Qc5 Bxc6 0-1

[Event "Early-Titled-Tuesday-Blitz-March-05-2024"]
[Site "Chess.com"]
[Date "2024.03.05"]
[Round "4"]
[White "ChempionBg"]
[Black "Let_it_be_1"]
[Result "0-1"]
[WhiteElo "2398"]
[BlackElo "2578"]
[TimeControl "180+1"]
[EndTime "8:39:25 PST"]
[Termination "Let_it_be_1 won by resignation"]

1. d4 d5 2. c4 e6 3. Nf3 Nf6 4. g3 Be7 5. Bg2 O-O 6. O-O dxc4 7. Qc2 a6 8. Qxc4 b5 9. Qc2 Bb7 10. Nc3 Nbd7 11. Rd1 Rc8 12. Bg5 h6 13. Bf4 c5 14.
dxc5 Bxc5 15. Qd2 Qb6 16. e3 Rfd8 17. Bd6 Nd5 18. Nxd5 Bxd5 19. Bxc5 Nxc5 20. b4 Bxf3 21. bxc5 Rxd2 0-1

[Event "Early-Titled-Tuesday-Blitz-March-05-2024"]
[Site "Chess.com"]
[Date "2024.03.05"]
[Round "4"]
[White "rdarruda"]
[Black "KVAIDAN"]
[Result "1-0"]
[WhiteElo "2517"]
[BlackElo "2332"]
[TimeControl "180+1"]
[EndTime "8:39:34 PST"]
[Termination "rdarruda won on time"]

1. Nf3 f5 2. b3 d6 3. Bb2 e5 4.
e3 Nf6 5. d4 e4 6. Nfd2 d5 7.
c4 c6 8. Nc3 Bb4 9. a3 Bxc3 10.
Bxc3 O-O 11. Qc2 b6 12. Be2 Ba6 13. O-O Nbd7 14. f4 Rc8 15. Rfe1 Qe8 16. Qd1 Qg6 17. cxd5 Nxd5 18. Bxa6 Nxc3 19. Qc2 Nd5 20. Bxc8 Nxe3 21. Rxe3 Rxc8 22. Nc4 Nf6 23. Ne5 Qe8 24. Rc3 h6 25. Rxc6 1-0

[Event "Early-Titled-Tuesday-Blitz-March-05-2024"]
[Site "Chess.com"]
[Date "2024.03.05"]
[Round "4"]
[White "Witty_Alien"]
[Black "banane_verte"]
[Result "0-1"]
[WhiteElo "2321"]
[BlackElo "2508"]
[TimeControl "180+1"]
[EndTime "8:39:38 PST"]
[Termination "banane_verte won by checkmate"]

1. e4 e6 2. d4 d5 3. Nd2 c5 4. c3 cxd4 5. cxd4 dxe4 6. Nxe4 Nf6 7. Ng5 Bb4+ 8. Bd2 Qxd4 9. Rc1 Nc6 10. N5f3 Qxb2 11. Bd3 Bxd2+ 12. Nxd2 O-O 13. Ngf3 Ne5 14. Nc4 Nxd3+ 15. Qxd3 Qxc1+ 16. Ke2 Qxh1 17. Ng5 Qxg2 18. h4 b5 19. Nd6 Bb7 20. Ne8 Raxe8 21. Qc2 Ne4 22. Kd1 Qf1# 0-1

[Event "Early-Titled-Tuesday-Blitz-March-05-2024"]
[Site "Chess.com"]
[Date "2024.03.05"]
[Round "4"]
[White "GAusal"]
[Black "erlesfar"]
[Result "1/2-1/2"]
[WhiteElo "2310"]
[BlackElo "2446"]
[TimeControl "180+1"]
[EndTime "8:39:38 PST"]
[Termination "Game drawn by agreement"]

1. d4 d5 2. Nf3 e6 3. Bf4 c5 4. e3 cxd4 5. exd4 Nc6 6. c3 Nf6 7. Bd3 Bd6 8. Bxd6 Qxd6 9. O-O O-O 10. Re1 Re8 11. Nbd2 e5 12. dxe5 Nxe5 13. Nxe5 Rxe5 14. Rxe5 Qxe5 15. Nf3 Qd6 16. Nd4 Bg4 17. f3 Be6 18. Bc2 Rc8 19. Qd3 g6 20. Re1 Nd7 21. Nxe6 fxe6 22.
Qe3 Qc5 23. Qxc5 Nxc5 24. Kf2 Re8 25. Ke3 e5 26. Rd1 Rd8 27. b4 Ne6 28. Bb3 d4+ 29. cxd4 exd4+ 30. Ke4 Re8 31. Rxd4 Kf8 32. Bxe6 Rxe6+ 33. Kd3 Ra6 34. Rd7 Rxa2 35. Rxb7 Rxg2 36. Rxa7 Rxh2 37.
b5 Rb2 38. Kc4 Ke8 39. Rxh7 Rc2+ 40. Kb3 Rf2 41. b6 Rxf3+ 42. Kb4 Rf1 43. b7 Rb1+ 44. Kc5 Kd8 45. Kc6 Rc1+ 46. Kb6 Rb1+ 47. Kc6 Rc1+ 48. Kb6 Rb1+ 1/2-1/2

[Event "Early-Titled-Tuesday-Blitz-March-05-2024"]
[Site "Chess.com"]
[Date "2024.03.05"]
[Round "4"]
[White "chess_blitz00"]
[Black "Leonid_Starozhilov"]
[Result "0-1"]
[WhiteElo "2528"]
[BlackElo "2711"]
[TimeControl "180+1"]
[EndTime "8:39:43 PST"]
[Termination "Leonid_Starozhilov won by resignation"]

1. e4 g6 2. d4 Bg7 3. Nc3 d6 4.
h4 h5 5. Be3 a6 6. Nh3 Bxh3 7. Rxh3 Nc6 8. Be2 Nf6 9. f3 b5 10.
Qd2 e5 11. d5 Nd4 12. Bxd4 exd4 13. Qxd4 O-O 14. Qd2 Kh7 15. O-O-O Bh6 16. f4 b4 17. Nb1 Nxe4 18. Qe3 Re8 19. Qf3 Qf6 20. Bd3 Qxf4+ 21. Qxf4 Bxf4+ 22. Nd2 Nxd2 23. g3 Bh6 24. g4 hxg4 25.
Rhh1 Ne4+ 26. Kb1 Nf2 27. h5 0-1

[Event "Early-Titled-Tuesday-Blitz-March-05-2024"]
[Site "Chess.com"]
[Date "2024.03.05"]
[Round "4"]
[White "frequentblunders"]
[Black "Flaccidmoves"]
[Result "0-1"]
[WhiteElo "2159"]
[BlackElo "2449"]
[TimeControl "180+1"]
[EndTime "8:39:46 PST"]
[Termination "Flaccidmoves won by resignation"]

1. d3 e5 2. f4 Nc6 3. e4 d5 4. exd5 Qxd5 5. Nc3 Bb4 6. Nf3 exf4 7. Bxf4 Nf6 8. Be2 O-O 9. O-O Bxc3 10. bxc3 Qc5+ 11. Kh1 Qxc3 12. Bxc7 Nd5 13. Bg3 Ne3 14. Qd2 Qxd2 15. Nxd2 Nxf1 16. Rxf1 Be6 17. Nb3 a5 18. a4 Bxb3 19. cxb3 Nd4 20. Bf3 Nxf3 21. gxf3 Rac8 22. Be1 Rfd8 23. Bxa5 Rxd3 24. b4 Ra3 0-1

[Event "Early-Titled-Tuesday-Blitz-March-05-2024"]
[Site "Chess.com"]
[Date "2024.03.05"]
[Round "4"]
[White "AlexeiShirov"]
[Black "ninguno46"]
[Result "1-0"]
[WhiteElo "2837"]
[BlackElo "2529"]
[TimeControl "180+1"]
[EndTime "8:39:49 PST"]
[Termination "AlexeiShirov won by resignation"]

1. e4 c5 2. Nf3 Nc6 3. d4 cxd4 4.
Nxd4 g6 5. Nc3 Bg7 6. Be3 Nf6 7. Bc4 Qa5 8. O-O O-O 9. Nb3 Qc7 10. Nb5 Qd8 11. f3 d6 12. Qd2 Bd7 13. N5d4 Nxd4 14.
Bxd4 Qc7 15. Be2 b5 16. Qa5 Qxa5 17. Nxa5 Rfc8 18. c3 e5 19. Bf2 d5 20. exd5 Nxd5 21.
Rfd1 Nf4 22. Rxd7 Nxe2+ 23. Kf1 Nf4 24. Rad1 a6 25. Nb7 Ne6 26. Nd6 f6 27. Nxc8 1-0

[Event "Early-Titled-Tuesday-Blitz-March-05-2024"]
[Site "Chess.com"]
[Date "2024.03.05"]
[Round "4"]
[White "noblerone"]
[Black "Aleksandar-Topalov"]
[Result "1-0"]
[WhiteElo "2519"]
[BlackElo "2339"]
[TimeControl "180+1"]
[EndTime "8:39:49 PST"]
[Termination "noblerone won by resignation"]

1. d4 Nf6 2. Nf3 g6 3. Bg5 Bg7 4. Nbd2 d6 5. c3 O-O 6. e4 c5 7. dxc5 dxc5 8. Bc4 Nc6 9. Qe2 Qc7 10. O-O b6 11.
Qe3 Bb7 12. h3 Rad8 13. Bh6 Ne5 14. Nxe5 Qxe5 15. Bf4 Qh5 16. Be2 Qh4 17. Bg5 1-0

[Event "Early-Titled-Tuesday-Blitz-March-05-2024"]
[Site "Chess.com"]
[Date "2024.03.05"]
[Round "4"]
[White "ActorXu"]
[Black "NikoTheodorou"]
[Result "1/2-1/2"]
[WhiteElo "2857"]
[BlackElo "3065"]
[TimeControl "180+1"]
[EndTime "8:39:50 PST"]
[Termination "Game drawn by repetition"]

1. e4 c5 2. Nf3 Nc6 3. Bb5 e6 4. O-O Nd4 5. Nxd4 cxd4 6. Re1 a6 7. Bf1 Bc5 8. d3 Ne7 9. Nd2 b5 10. Nf3 O-O 11. c3 Nc6 12. cxd4 Nxd4 13. Be3 Qb6 14.
Rc1 Nxf3+ 15. Qxf3 Bd4 16. Bxd4 Qxd4 17. Rc2 Bb7 18.
Qe3 Qxe3 19. fxe3 Bc6 20. e5 f6 21. exf6 Rxf6 22. g3 Raf8 23. Bg2 Bxg2 24. Kxg2 e5 25. e4 Rf3 26. Rd1 Re3 27. Rf2 Rc8 28. Rfd2 Rf8 29.
Rf2 Rc8 30. Rfd2 Rf8 31. Rf2 1/2-1/2

[Event "Early-Titled-Tuesday-Blitz-March-05-2024"]
[Site "Chess.com"]
[Date "2024.03.05"]
[Round "4"]
[White "LileKoridze"]
[Black "lamomiajunior"]
[Result "0-1"]
[WhiteElo "2431"]
[BlackElo "2734"]
[TimeControl "180+1"]
[EndTime "8:39:51 PST"]
[Termination "lamomiajunior won by resignation"]

1. d4 Nf6 2. c4 e6 3. Nf3 g6 4. Nc3 Bg7 5. e4 d6 6. Be2 O-O 7.
O-O b6 8. Be3 Bb7 9. Qc2 Nbd7 10. Rfd1 Qe7 11. e5 dxe5 12. Nxe5 Nxe5 13. dxe5 Nd7 14.
f4 a6 15. a3 f6 16. exf6 Nxf6 17. Bd4 Rad8 18. Bf2 e5 19. fxe5 Qxe5 20. Bg3 Qe3+ 21. Bf2 Qe7 22. Bf1 Ng4 23. Re1 Qd6 24. Bg3 Bd4+ 25. Kh1 Nf2+ 26. Qxf2 Rxf2 27. Bxd6 Rxd6 28. Re8+ Kg7 29. Rae1 Rdf6 30. R8e7+ Kh6 31. h4 0-1

[Event "Early-Titled-Tuesday-Blitz-March-05-2024"]
[Site "Chess.com"]
[Date "2024.03.05"]
[Round "4"]
[White "publicaccountcze"]
[Black "Quattroporte300"]
[Result "0-1"]
[WhiteElo "2213"]
[BlackElo "2456"]
[TimeControl "180+1"]
[EndTime "8:39:51 PST"]
[Termination "Quattroporte300 won by checkmate"]

1. e4 c5 2. Nf3 d6 3. d4 cxd4 4. Qxd4 a6 5. Nc3 Nc6 6. Qe3 Nf6 7. a4 g6 8. Bc4 Bg7 9. O-O O-O 10. Qe2 Bg4 11. h3 Nd4 12. Qd1 Nxf3+ 13. gxf3 Bxh3 14.
Re1 e5 15. Bf1 Bxf1 16. Kxf1 Nh5 17. Nd5 Qh4 18. Be3 f5 19. Nc7 fxe4 20. fxe4 Ng3+ 21. Kg2 Nxe4 22. Nxa8 Rxf2+ 23. Bxf2 Qxf2+ 24. Kh1 Ng3# 0-1

[Event "Early-Titled-Tuesday-Blitz-March-05-2024"]
[Site "Chess.com"]
[Date "2024.03.05"]
[Round "4"]
[White "trriinu"]
[Black "LeninGuerra"]
[Result "0-1"]
[WhiteElo "2237"]
[BlackElo "2616"]
[TimeControl "180+1"]
[EndTime "8:39:52 PST"]
[Termination "LeninGuerra won by resignation"]

1. e4 c5 2. Nf3 e6 3. d4 cxd4 4.
Nxd4 Nc6 5. Nc3 Qc7 6. Be3 a6 7.
f3 Nf6 8. Be2 Bb4 9. O-O d5 10. exd5 exd5 11. Qd2 O-O 12. a3 Ba5 13. Kh1 Be6 14. Nb3 Bxc3 15. Qxc3 Rac8 16. Bg5 Nd7 17.
f4 Bf5 18. Rad1 Nb6 19. Bd3 Bxd3 20. Qxd3 f6 21. Bh4 Rfd8 22. Rf3 Qf7 23. Rh3 Qg6 24. Qe3 Nc4 25. Qe6+ Qf7 26. Qf5 Ne7 27. Qg4 Nd6 28. Rxd5 Nxd5 0-1

[Event "Early-Titled-Tuesday-Blitz-March-05-2024"]
[Site "Chess.com"]
[Date "2024.03.05"]
[Round "4"]
[White "Martial2008"]
[Black "tandaleo"]
[Result "0-1"]
[WhiteElo "2646"]
[BlackElo "2481"]
[TimeControl "180+1"]
[EndTime "8:39:55 PST"]
[Termination "tandaleo won by checkmate"]

1. d4 f5 2. Bg5 Nf6 3. Bxf6 exf6 4. e3 d5 5. c4 Be6 6. cxd5 Bxd5 7. Nc3 Bb4 8. Ne2 O-O 9. a3 Bxc3+ 10. Nxc3 Bf7 11.
Bd3 f4 12. exf4 Re8+ 13. Ne2 Nc6 14. O-O Qd6 15. Rc1 Rad8 16. Qc2 h6 17. Rfd1 Kh8 18. g3 Bd5 19. Qc5 Bf3 20. Qxd6 Rxd6 21. Rd2 Nxd4 22. Nxd4 Rxd4 23. Rcc2 Rxd3 24. Rc1 Rxd2 25. h4 Ree2 26. g4 Rxf2 27. g5 Rg2+ 28. Kf1 Rh2 29. Kg1 Rh1# 0-1

[Event "Early-Titled-Tuesday-Blitz-March-05-2024"]
[Site "Chess.com"]
[Date "2024.03.05"]
[Round "4"]
[White "Crazy_girl99"]
[Black "BeyondMadness"]
[Result "1-0"]
[WhiteElo "2537"]
[BlackElo "2238"]
[TimeControl "180+1"]
[EndTime "8:39:55 PST"]
[Termination "Crazy_girl99 won by resignation"]

1. e4 c5 2. Nf3 d6 3. c4 Nf6 4. Nc3 e6 5. d4 cxd4 6. Nxd4 Be7 7. Be2 O-O 8. Be3 a6 9. O-O Bd7 10. Rc1 Nc6 11. b3 Rc8 12. f3 Qa5 13. Kh1 Rfd8 14. Qe1 Nxd4 15. Bxd4 e5 16. Be3 Qc7 17. a4 Qb8 18.
Qf2 Be6 19. Rfd1 h6 20. a5 Re8 21. Na4 Bf8 22. Nb6 Rcd8 23. b4 Nh5 24. b5 Nf4 25. Bf1 g5 26. Rb1 Qc7 27. Rdc1 Bg7 28. Qd2 Kh7 29. Nd5 Bxd5 30. cxd5 Qd7 31. bxa6 bxa6 32. Bxa6 Ra8 33. Bb7 Rab8 34. a6 Qa4 35. Bc6 1-0

[Event "Early-Titled-Tuesday-Blitz-March-05-2024"]
[Site "Chess.com"]
[Date "2024.03.05"]
[Round "4"]
[White "Zq1"]
[Black "AsaHoffmann"]
[Result "1-0"]
[WhiteElo "2628"]
[BlackElo "2421"]
[TimeControl "180+1"]
[EndTime "8:39:56 PST"]
[Termination "Zq1 won by resignation"]

1. d4 Nf6 2. c4 c5 3. Nf3 cxd4 4. Nxd4 e5 5. Nb5 d5 6. cxd5 Bb4+ 7. Bd2 Bc5 8. e3 Nxd5 9. Be2 Nc6 10. O-O O-O 11. N1c3 Nf6 12. Rc1 a6 13. Na3 Bxa3 14. bxa3 Qe7 15. Qb3 b5 16. Nd5 Nxd5 17. Qxd5 Bb7 18.
Qc5 Rac8 19. Bf3 e4 20. Bg4 Rcd8 21. Qxe7 Nxe7 22. Bb4 Rfe8 23. Rc7 1-0

[Event "Early-Titled-Tuesday-Blitz-March-05-2024"]
[Site "Chess.com"]
[Date "2024.03.05"]
[Round "4"]
[White "santosalberto1987"]
[Black "NM_Antelacus"]
[Result "1-0"]
[WhiteElo "2543"]
[BlackElo "2270"]
[TimeControl "180+1"]
[EndTime "8:40:02 PST"]
[Termination "santosalberto1987 won by resignation"]

1. e4 c5 2. Nf3 Nc6 3. Nc3 Nf6 4. d4 cxd4 5. Nxd4 e5 6. Ndb5 d6 7. Bg5 a6 8. Na3 b5 9. Bxf6 gxf6 10. Nd5 Bg7 11. c3 Ne7 12. Nxe7 Qxe7 13. Nc2 f5 14. exf5 Bxf5 15. Qf3 Bxc2 16. Qxa8+ Kd7 17. Qxa6 Ke6 18. Bxb5 Kf6 19. O-O Bf5 20. Rad1 Rd8 21. f4 e4 22.
h3 h5 23. Bc4 Kg6 24. a4 Kh7 25. a5 Be6 26. Bxe6 fxe6 27. Qb6 d5 28. a6 Rd6 29.
Qc5 Bf6 30. a7 Rd8 31. Qxe7+ Bxe7 32. f5 Bc5+ 33. Kh1 Bxa7 34. fxe6 e3 35. Rf7+ Kg6 36. Rxa7 1-0

[Event "Early-Titled-Tuesday-Blitz-March-05-2024"]
[Site "Chess.com"]
[Date "2024.03.05"]
[Round "4"]
[White "IM_ArthurDW08"]
[Black "Kostya0705"]
[Result "0-1"]
[WhiteElo "2781"]
[BlackElo "2584"]
[TimeControl "180+1"]
[EndTime "8:40:03 PST"]
[Termination "Kostya0705 won by resignation"]

1. e4 c5 2. Nf3 e6 3. d4 cxd4 4.
Nxd4 Nc6 5. Bf4 d6 6. Nb5 e5 7.
Be3 Nf6 8. N1c3 a6 9. Na3 b5 10. Nd5 Nxd5 11. exd5 Nb8 12. c4 Be7 13. cxb5 f5 14. g4 f4 15. Bd2 O-O 16. Bd3 Nd7 17. Qc2 h6 18. bxa6 Nc5 19. Bb5 Bxg4 20. Qc4 Rc8 21.
b4 Bf3 22. Rg1 Ne4 23. Bc6 Bh4 24. Rf1 Qb6 0-1

[Event "Early-Titled-Tuesday-Blitz-March-05-2024"]
[Site "Chess.com"]
[Date "2024.03.05"]
[Round "4"]
[White "Alenzer"]
[Black "Cheer_Down"]
[Result "0-1"]
[WhiteElo "2174"]
[BlackElo "2410"]
[TimeControl "180+1"]
[EndTime "8:40:03 PST"]
[Termination "Cheer_Down won by checkmate"]

1. e4 e5 2. Nf3 Nc6 3. Bb5 a6 4. Ba4 Nf6 5. O-O Be7 6. d4 exd4 7.
Re1 b5 8. Bb3 d6 9. Nxd4 Nxd4 10. Qxd4 c5 11. Qe3 c4 12. e5 dxe5 13. Qxe5 cxb3 14.
axb3 Be6 15. Rxa6 O-O 16. Rxa8 Qxa8 17. Qxb5 Rc8 18. Nc3 Rc5 19. Qd3 Bf5 20. Qd4 Bf8 21. Bg5 Bxc2 22. Bxf6 gxf6 23. Qxf6 Rf5 24. Qd4 Bc5 25.
Qg4+ Kf8 26. Re2 Qa1+ 27. Re1 Qxe1# 0-1

[Event "Early-Titled-Tuesday-Blitz-March-05-2024"]
[Site "Chess.com"]
[Date "2024.03.05"]
[Round "4"]
[White "GelmanAlexander"]
[Black "lilleper1"]
[Result "0-1"]
[WhiteElo "2675"]
[BlackElo "2912"]
[TimeControl "180+1"]
[EndTime "8:40:04 PST"]
[Termination "lilleper1 won by resignation"]

1. d4 Nf6 2. Nc3 d5 3. Bf4 c5 4. e3 cxd4 5. exd4 a6 6. Nf3 Bg4 7. h3 Bxf3 8. Qxf3 Nc6 9. O-O-O e6 10. g4 Bd6 11. Be3 Rc8 12. g5 Nd7 13. h4 b5 14.
h5 O-O 15. Bd3 Nb4 16. Bxh7+ Kxh7 17. g6+ Kg8 18. Qh3 Qf6 19. Rdg1 Qf5 20. Qxf5 exf5 21. h6 f4 22. hxg7 Kxg7 23. gxf7+ Kxf7 24. Rh7+ Ke8 25. Bd2 Nf6 26. Ra7 Rf7 27. Rxf7 Kxf7 28. a3 Nc6 29. Ne2 f3 0-1

[Event "Early-Titled-Tuesday-Blitz-March-05-2024"]
[Site "Chess.com"]
[Date "2024.03.05"]
[Round "4"]
[White "littlepinkyboy"]
[Black "KoningKobe"]
[Result "1-0"]
[WhiteElo "2670"]
[BlackElo "2427"]
[TimeControl "180+1"]
[EndTime "8:40:05 PST"]
[Termination "littlepinkyboy won by checkmate"]

1. e4 c5 2. Nf3 Nc6 3. d4 cxd4 4. Nxd4 e5 5. Nb5 d6 6. N1c3 a6 7. Na3 Be6 8. Nd5 b5 9. c3 Nge7 10. Be2 f5 11. Bh5+ g6 12. Bf3 Bxd5 13. exd5 Nb8 14.
h4 Bg7 15. h5 O-O 16. hxg6 hxg6 17. Bg5 Nd7 18. Qd2 e4 19. Be2 Kf7 20. O-O-O Rc8 21.
Nc2 Ne5 22. Nd4 Qa5 23. Kb1 Nxd5 24. Nb3 Nxc3+ 25. bxc3 Qxc3 26. Qd5+ Ke8 27. Qe6# 1-0

[Event "Early-Titled-Tuesday-Blitz-March-05-2024"]
[Site "Chess.com"]
[Date "2024.03.05"]
[Round "4"]
[White "whiteglovethief"]
[Black "rikchessmx"]
[Result "1-0"]
[WhiteElo "2478"]
[BlackElo "2273"]
[TimeControl "180+1"]
[EndTime "8:40:05 PST"]
[Termination "whiteglovethief won by resignation"]

1. d4 Nf6 2. c4 e6 3. Nf3 d5 4. g3 Nbd7 5. Bg2 dxc4 6. O-O c6 7.
Nfd2 Nb6 8. e3 Nfd5 9. a4 a5 10. Na3 Bxa3 11. Rxa3 O-O 12. Qe2 Qe7 13. Nxc4 Nxc4 14.
Qxc4 Bd7 15. Bd2 Nb4 16. Rb3 b5 17. axb5 cxb5 18. Qc5 Qxc5 19. dxc5 Rac8 20. Bxb4 axb4 21. Rc1 Bc6 22. Rxb4 Bxg2 23. Kxg2 Rb8 24. c6 Rfc8 25. c7 Rb7 26. Rd4 1-0

[Event "Early-Titled-Tuesday-Blitz-March-05-2024"]
[Site "Chess.com"]
[Date "2024.03.05"]
[Round "4"]
[White "mr_gustavo"]
[Black "BilodeauA"]
[Result "0-1"]
[WhiteElo "2736"]
[BlackElo "2996"]
[TimeControl "180+1"]
[EndTime "8:40:10 PST"]
[Termination "BilodeauA won by resignation"]

1. e4 e5 2. Nf3 Nc6 3. Bb5 a6 4. Ba4 d6 5. O-O Bd7 6. c3 Nge7 7. d4 Ng6 8. Re1 Be7 9. h3 O-O 10. Nbd2 exd4 11. cxd4 b5 12. Bc2 Nb4 13. Bb1 c5 14. a3 Nc6 15. d5 Na5 16. b4 Bf6 17. Ra2 Nb7 18. Nh2 a5 19. Ng4 Bxg4 20. hxg4 axb4 21.
axb4 Rxa2 22. Bxa2 cxb4 23. Nb3 Nc5 24. Bd2 Re8 25.
Bxb4 Nxe4 26. Qc2 Ng5 27. Rxe8+ Qxe8 28. Bxd6 Qe1+ 29. Kh2 Be5+ 30. Bxe5 Qxe5+ 31. g3 h5 32. gxh5 Nf3+ 0-1

[Event "Early-Titled-Tuesday-Blitz-March-05-2024"]
[Site "Chess.com"]
[Date "2024.03.05"]
[Round "4"]
[White "almaguerjm"]
[Black "jens1102"]
[Result "0-1"]
[WhiteElo "2458"]
[BlackElo "2631"]
[TimeControl "180+1"]
[EndTime "8:40:13 PST"]
[Termination "jens1102 won by resignation"]

1. e4 c5 2. Nf3 Nc6 3. d4 cxd4 4.
Nxd4 Nf6 5. Nc3 e5 6. Ndb5 d6 7.
Nd5 Nxd5 8. exd5 Nb8 9. c4 Be7 10. Bd3 O-O 11. O-O Nd7 12. Be3 f5 13. f4 exf4 14.
Bxf4 Nc5 15. b4 Nxd3 16. Qxd3 g5 17. Be3 f4 18. Bd4 Bf5 19. Qd2 a6 20. Na3 Bf6 21.
Rac1 Qe8 22. Rfe1 Qg6 23. c5 f3 24. gxf3 g4 25. f4 g3 26. Rc3 gxh2+ 27. Kxh2 Qh5+ 28. Kg2 Bxd4 29. Qxd4 Kf7 30. Rg3 Rg8 31. Re3 Qh3+ 32. Kf2 Qh2+ 33. Rg2 Rxg2+ 0-1

[Event "Early-Titled-Tuesday-Blitz-March-05-2024"]
[Site "Chess.com"]
[Date "2024.03.05"]
[Round "4"]
[White "knightinshiningarmour16"]
[Black "KanalSzachowy"]
[Result "1-0"]
[WhiteElo "2267"]
[BlackElo "2448"]
[TimeControl "180+1"]
[EndTime "8:40:14 PST"]
[Termination "knightinshiningarmour16 won by resignation"]

1. d4 Nf6 2. Nf3 e6 3. Bf4 d5 4. e3 Bd6 5. Bxd6 Qxd6 6. c3 O-O 7. Bd3 Nbd7 8. O-O e5 9. dxe5 Nxe5 10. Nxe5 Qxe5 11.
Nd2 c5 12. Nf3 Qc7 13. Be2 Bf5 14. Bd3 Ne4 15. Bxe4 Bxe4 16. Nd2 Rad8 17. Qg4 Bg6 18. Rfd1 Rfe8 19. Rac1 Qb6 20. b3 d4 21. cxd4 cxd4 22.
Nc4 Qa6 23. Rxd4 Rxd4 24. Qxd4 Qxa2 25. Qb2 Qa6 26. h3 h6 27. Rd1 Qe6 28. Qd4 Bh5 29.
Rd2 Bg6 30. Qxa7 Qe4 31. Kh2 b5 32. Nd6 Qe5+ 33. Kg1 Re7 34. Qd4 Qe6 35. b4 Rb7 36. Nxb7 1-0

[Event "Early-Titled-Tuesday-Blitz-March-05-2024"]
[Site "Chess.com"]
[Date "2024.03.05"]
[Round "4"]
[White "sergeikim"]
[Black "abc_xyz4744"]
[Result "0-1"]
[WhiteElo "2588"]
[BlackElo "2444"]
[TimeControl "180+1"]
[EndTime "8:40:16 PST"]
[Termination "abc_xyz4744 won by resignation"]

1. d4 d5 2. c4 c6 3. cxd5 cxd5 4.
Bf4 Nf6 5. e3 Nc6 6. Nc3 Bf5 7.
Bd3 Bxd3 8. Qxd3 e6 9. Nf3 Bd6 10. Bg5 h6 11. Bh4 O-O 12. O-O Be7 13. Qb5 Rb8 14.
Bg3 a6 15. Qa4 Bd6 16. Rfc1 Bxg3 17. hxg3 b5 18. Qd1 Qb6 19. a3 Rfc8 20. b4 Ne8 21. a4 Nxb4 22. axb5 axb5 23. Rab1 Qa5 24. Ne5 Na2 25. Nxa2 Qxa2 26. Rxc8 Rxc8 27. Rxb5 Nd6 28. Rc5 Rxc5 29. dxc5 Ne4 30. Qf3 Qa1+ 31. Kh2 Qxe5 32. c6 Qc7 33. Qf4 Qxc6 34. Qb8+ Kh7 35. f3 Qd6 36.
Qe8 Qxg3+ 37. Kg1 Ng5 0-1

[Event "Early-Titled-Tuesday-Blitz-March-05-2024"]
[Site "Chess.com"]
[Date "2024.03.05"]
[Round "4"]
[White "Szparu"]
[Black "RedFirePanda"]
[Result "1-0"]
[WhiteElo "2776"]
[BlackElo "2548"]
[TimeControl "180+1"]
[EndTime "8:40:17 PST"]
[Termination "Szparu won by checkmate"]

1. e4 d5 2. exd5 Qxd5 3. Nc3 Qd8 4. d4 c6 5. Bc4 Bf5 6. g4 Bg6 7.
h4 h6 8. Nge2 e6 9. Nf4 Bh7 10.
g5 Ne7 11. gxh6 gxh6 12. Qh5 Ng6 13. Bxe6 Qe7 14. Kd1 Nxf4 15. Bxf4 Bg6 16. Qe5 f6 17. Qe3 Nd7 18. h5 Bf7 19. Bf5 Qxe3 20. fxe3 Be7 21. Rg1 Rg8 22. Rxg8+ Bxg8 23. Kd2 Bf7 24. Rg1 Bxh5 25.
Bxh6 Nf8 26. Rg8 Kf7 27. Rg7+ Ke8 28. Ne4 Bf7 29. b3 Rd8 30. c4 b6 31. Ke2 a5 32. a4 b5 33. axb5 cxb5 34. d5 bxc4 35. bxc4 Bd6 36. Nxf6+ Ke7 37. Bg5 Rb8 38. Ne4+ Ke8 39.
Nxd6# 1-0